AoeStats
← Chieftain

Arena

507917789Analyzed
1v1 RM · 13d ago on Sep 20, 2026· 52m 29s· 2 players
Game mode
Random Map
Map size
Tiny (2 player)
Population
200
Speed
Normal
Resources
Standard
Victory
Conquest
Starting age
Dark Age
Ending age
Imperial Age
RankedLock teamsTeams togetherTeam positionsShared explorationLock speedFull tech treeHidden civsTurbo modeCheats
Victory
Defeat
🇨🇳 Jurchens · China
1039
+15
🇳🇴 Portuguese · Norway
1026
-15
Chieftain
11:19 Feudal Age
12:12 Double-Bit Axe
15:25 Castle Age
14:40 Horse Collar
14:54 Gold Mining
19:32 Loom
22:20 Town Watch
27:16 Imperial Age
25:22 Fletching
26:52 Wheelbarrow
26:19 Bodkin Arrow
27:54 Wheelbarrow
29:11 Bracer
31:26 Hand Cart
32:41 Chemistry
32:02 Padded Archer Armor
33:18 Leather Archer Armor
35:01 Ring Archer Armor
36:30 Bow Saw
36:46 Forging
36:37 Scale Mail Armor
36:02 Man-at-Arms
37:56 Conscription
37:22 Crossbowman
39:01 Stone Mining
41:08 Chain Mail Armor
40:16 Long Swordsman
44:20 Crossbowman
45:06 Thumb Ring
46:16 Two-Handed Swordsman
51:25 Champion
Ysuixin
10:41 Feudal Age
15:14 Castle Age
13:52 Stone Mining
14:47 Loom
15:19 Forging
15:21 Gold Mining
21:38 Double-Bit Axe
21:54 Horse Collar
22:38 Fletching
24:21 Bodkin Arrow
27:03 Wheelbarrow
28:09 Town Watch
34:42 Imperial Age
32:46 Heavy Plow
33:18 Scale Barding Armor
34:57 Chain Barding Armor
35:29 Iron Casting
35:08 Padded Archer Armor
36:14 Conscription
36:14 Hand Cart
36:15 Bow Saw
36:44 Plate Barding Armor
37:00 Gold Shaft Mining
37:56 Siege Engineers
40:33 Crop Rotation
41:06 Blast Furnace
40:17 Elite Iron Pagoda
40:45 Heavy Rocket Cart
45:02 Stone Shaft Mining
45:12 Thunderclap Bombs
46:43 Hoardings
46:35 Bracer
46:51 Leather Archer Armor
Connection lost

Rejoining the realm…

Still unreachable

The connection could not be restored.

Session expired

The server has moved on; the page needs a fresh start.